Map: Ruins of Endion

Players

Miszu

  • Race: Terran Terran
  • League: Master

BoxeR - Winner!

  • Race: Terran Terran
  • League: Master

VOD

https://www.youtube.com/watch?v=IjLFfGToNXI

Description

Time

  • Played on: June 26, 2016, 9:37 a.m.
  • Length: 10:25
Show
View Real Time Build Order
Export as new Build Order

Miszu Terran 

Build Orders: MMM Bio 

Get SALT Encoding   

  12  0:00  SCV  
  13  0:13  SCV  
  14  0:18  Supply Depot  
  14  0:25  SCV  
  15  0:40  SCV  
  15  0:41  Barracks  
  16  0:43  Refinery  
  16  0:52  SCV  
  17  1:04  SCV  
  18  1:16  SCV  
  19  1:27  Barracks Reactor  
  19  1:29  Orbital Command  
  19  1:43  Command Center  
  19  1:58  SCV  
  20  2:02  Refinery  
  20  2:06  Factory  
  19  2:11  Marine x2  
  19  2:15  SCV  
  22  2:27  SCV  
  23  2:34  Supply Depot  
  23  2:51  Factory Tech Lab  
  23  2:52  Starport  
  23  2:55  Marine x2, SCV  
  25  3:07  Orbital Command  
  25  3:12  Cyclone  
  29  3:13  Marine  
  29  3:18  SCV  
  31  3:26  Engineering Bay  
  31  3:31  SCV  
  32  3:36  Viking  
  32  3:38  SCV  
  35  3:43  SCV  
  33  4:06  SCV  
  34  4:10  SCV  
  34  4:18  SCV  
  34  4:19  Marine x2  
  34  4:22  SCV  
  38  4:29  Siege Tank  
  38  4:30  SCV  
  39  4:34  SCV  
  40  4:42  SCV  
  43  4:46  SCV  
  43  4:51  Barracks  
  43  4:52  Barracks  
  44  4:56  Supply Depot, SCV  
  44  4:58  SCV  
  44  5:03  Supply Depot  
  44  5:08  SCV  
  44  5:10  SCV  
  44  5:13  Starport Reactor  
  46  5:17  Terran Infantry Weapons Level 1  
  46  5:20  SCV  
  47  5:21  Marine  
  47  5:22  Marine, SCV  
  49  5:31  Missile Turret  
  49  5:32  SCV  
  49  5:34  SCV  
  47  5:44  SCV  
  47  5:48  SCV, Missile Turret  
  49  5:52  Barracks Tech Lab x2  
  46  5:58  SCV  
  46  6:00  SCV  
  46  6:02  Marine  
  49  6:10  SCV  
  48  6:13  Stimpack  
  45  6:28  Medivac x2  
  45  6:29  Siege Tank  
  45  6:30  SCV  
  45  6:32  SCV  
  54  6:39  Combat Shields  
  54  6:42  SCV  
  54  6:44  Refinery  
  54  6:45  SCV  
  56  6:54  SCV  
  56  6:56  Supply Depot, Marine x2  
  56  6:57  SCV  
  60  7:06  SCV  
  61  7:13  SCV  
  61  7:14  Refinery  
  62  7:18  Marine x4, SCV  
  62  7:19  Terran Infantry Armor Level 1  
  67  7:25  SCV  
  61  7:38  Marine x3  
  61  7:39  Marine  
  61  7:40  Medivac  
  61  7:41  Medivac  
  61  7:43  SCV  
  70  7:50  Supply Depot, SCV  
  71  7:51  Supply Depot  
  71  7:55  SCV  
  71  7:56  Marine x2  
  71  7:57  Barracks  
  74  7:58  Barracks  
  74  8:01  Marine x2  
  74  8:02  SCV  
  77  8:12  Siege Tank  
  80  8:14  Marine x2  
  80  8:16  Medivac  
  80  8:19  Marine, Medivac  
  87  8:30  Marine  
  87  8:32  Marine x2  
  90  8:36  Marine  
  91  8:44  Siege Tank  
  91  8:46  Barracks Reactor x2  
  91  8:48  Marine  
  90  8:49  Marine  
  90  8:50  Marine  
  90  8:54  Marine  
  78  9:06  Marine  
  78  9:07  Marine x2  
  77  9:12  Marine  
  77  9:16  Siege Tank  
  81  9:22  Marine x4  
  81  9:24  Marine  
  86  9:25  Marine x2  
  86  9:30  Marine  
  89  9:35  Command Center  
  89  9:39  Marine  
  89  9:40  Marine  
  89  9:41  Marine, Medivac  
  94  10:05  Marine x2  
  94  10:07  Marine x3  
Show
View Real Time Build Order
Export as new Build Order

BoxeR Terran - Winner!

Build Orders: 1/1/1, Widow Mine Drop 

Get SALT Encoding   

  12  0:01  SCV  
  13  0:13  SCV  
  14  0:18  Supply Depot  
  14  0:25  SCV  
  15  0:31  Refinery  
  15  0:39  SCV  
  16  0:45  Barracks  
  16  0:51  SCV  
  17  1:03  SCV  
  18  1:16  SCV  
  19  1:32  Orbital Command  
  19  1:33  Marine  
  19  1:38  Factory  
  20  1:42  Refinery  
  20  1:47  Supply Depot  
  20  1:51  Barracks Reactor  
  20  1:58  SCV  
  21  2:10  SCV  
  22  2:22  Starport, Hellion  
  25  2:26  Supply Depot  
  25  2:27  Marine x2  
  26  2:31  SCV  
  27  2:43  SCV  
  28  2:45  Marine x2  
  28  2:47  Widow Mine  
  28  2:49  Supply Depot  
  32  2:56  SCV  
  33  2:58  Medivac  
  33  3:03  Marine x2  
  37  3:08  SCV  
  38  3:17  Factory Tech Lab  
  38  3:20  SCV  
  39  3:36  Command Center  
  39  3:39  SCV  
  38  3:59  Marine, SCV  
  38  4:06  Cloaking Field, Marine  
  38  4:07  Banshee  
  38  4:11  SCV  
  38  4:13  Factory Tech Lab  
  37  4:18  Marine  
  37  4:23  SCV  
  39  4:24  Marine  
  40  4:32  Siege Tank  
  40  4:35  SCV  
  40  4:36  Supply Depot, Marine  
  45  4:42  Marine  
  44  4:50  Banshee  
  46  4:53  SCV, Orbital Command  
  46  4:54  Marine  
  47  5:05  Marine, SCV  
  49  5:12  Command Center  
  49  5:16  Marine  
  49  5:17  SCV  
  51  5:24  Siege Tank  
  54  5:33  SCV  
  54  5:39  SCV  
  57  5:47  SCV  
  56  5:53  SCV  
  56  5:56  Siege Tank  
  60  6:04  SCV  
  60  6:06  Marine  
  60  6:08  Viking x2, Stimpack  
  60  6:09  SCV  
  60  6:10  Refinery  
  60  6:11  Refinery  
  64  6:13  Supply Depot x2  
  64  6:16  SCV  
  65  6:21  SCV  
  65  6:22  Barracks  
  65  6:24  Marine  
  67  6:31  Barracks  
  64  6:34  Siege Tank, SCV  
  64  6:35  SCV  
  64  6:38  Orbital Command  
  69  6:42  Viking, Marine  
  72  6:48  Viking  
  72  6:51  SCV x2  
  76  6:56  Engineering Bay  
  76  6:58  Engineering Bay  
  76  7:00  Marine  
  77  7:03  SCV  
  77  7:05  SCV x2  
  77  7:07  Siege Tank  
  83  7:10  Barracks Reactor  
  83  7:16  Medivac  
  83  7:17  SCV x2  
  83  7:18  Marine, Medivac  
  83  7:19  Barracks Reactor  
  88  7:33  Barracks  
  88  7:35  Barracks  
  88  7:36  Marine  
  88  7:37  Sensor Tower, SCV x3  
  88  7:38  Terran Infantry Weapons Level 1  
  88  7:42  Refinery  
  88  7:43  Refinery  
  91  7:46  Terran Infantry Armor Level 1  
  91  7:48  Supply Depot  
  91  7:49  SCV x3  
  94  7:52  Medivac  
  94  7:54  Marine x2  
  94  7:55  Marine x3  
  101  8:10  SCV x3  
  101  8:11  Marine  
  105  8:13  Supply Depot  
  105  8:14  Marine x2  
  105  8:16  Supply Depot, Marine  
  105  8:18  Sensor Tower  
  105  8:19  Marine  
  108  8:21  Barracks Reactor  
  108  8:22  SCV x2  
  108  8:24  SCV  
  108  8:26  Barracks Reactor  
  112  8:28  Siege Tank  
  112  8:32  Marine x2  
  117  8:34  SCV x2  
  117  8:40  Armory  
  119  8:45  Marine x3  
  121  8:50  Marine x2  
  111  8:58  Marine x2  
  111  9:00  Siege Tank  
  116  9:03  Marine x3  
  116  9:05  Marine  
  116  9:07  Marine  
  116  9:08  Marine x2  
  117  9:16  Marine  
  117  9:22  Marine x4  
  117  9:23  Medivac x2  
  125  9:29  Marine x2  
  125  9:30  Marine x2  
  121  9:32  Siege Tank  
  121  9:34  Marine  
  125  9:39  Marine  
  125  9:40  Marine x2  
  125  9:43  Factory  
  128  9:49  Marine x2  
  128  9:50  Marine  
  128  9:51  Marine  
Tags
 
Composition
MMM Bio
Matchup
TvT
Opening
1/1/1
Player
Miszu
Race
Terran
Add a new tag
Caveats
  • Supply blocks, unpowered buildings, or Contaminate may cause inaccurate times.
  • Supply counts are checked every 10 seconds.